 Dungeon Crawl Stone Soup version 0.30.0-29-ga12c61a403 (webtiles) character file.

Game seed: 11159576284349927762

2645 Dadbod the Magician (level 9, -17/93 HPs)
             Began as a Djinni Fire Elementalist on June 25, 2023.
             Was a Believer of Makhleb.
             Killed by an exploding centaur warrior (29 damage)
             ... ignited by their inner flame
             ... on level 8 of the Dungeon.
             The game lasted 00:26:21 (7007 turns).

Dadbod the Magician (Djinni Fire Elementalist)      Turns: 7007, Time: 00:26:23

Health: -17/93     AC: 24    Str:  7    XL:     9   Next: 93%
Gold:   466        EV:  2    Int: 21    God:    Makhleb [**....] SH:  5 Dex: 14

rFire   . . .        k - +2 short sword (vamp)
rCold   . . .        (no shield)
rNeg    . . .        A - melded +1 steam dragon scales
rPois   ∞            (helmet currently unavailable)
rElec   .            n - melded scarf {repulsion}
rCorr   +            j - melded +0 pair of gloves
SInv    .            (boots unavailable)
Will    .....        e - amulet of reflection
Stlth   ++           l - ring of resist corrosion
HPRegen 0.35/turn    (no ring)
MPRegen 0.00/turn

%: reflection, infuse magic (-18 HP)
@: tree-form
A: stationary, stasis, torment immunity, boosted hp, sickness immunity, (fire
resistance 2), (cold vulnerability 1), float, innate caster, HP casting, extra
vitality 1
a: Renounce Religion, Minor Destruction


You were on level 8 of the Dungeon.
You worshipped Makhleb.
Makhleb was pleased with you.
You were a tree.
You visited 2 branches of the dungeon, and saw 9 of its levels.

You collected 466 gold pieces.

Inventory:

Hand Weapons
 k - a +2 vampiric short sword (weapon)
Missiles
 y - a curare-tipped dart
Armour
 d - a +0 tower shield
 j - a +0 pair of gloves (melded)
 n - a scarf of repulsion (melded)
 A - +1 steam dragon scales (melded)
Jewellery
 e - an amulet of reflection (around neck)
 l - a ring of resist corrosion (left branch)
 m - an amulet of faith
Wands
 z - a wand of iceblast (13)
Scrolls
 b - 3 scrolls of teleportation
 f - a scroll of brand weapon
 i - 2 scrolls of immolation
 q - a scroll of magic mapping
 r - 2 scrolls of fog
 s - a scroll of amnesia {unknown}
 t - a scroll of fear {unknown}
 u - a scroll of silence {unknown}
 w - a scroll of vulnerability {unknown}
Potions
 c - a potion of might
 g - 2 potions of lignification
 h - 6 potions of curing
 o - a potion of resistance
 p - a potion of cancellation {unknown}
 v - a potion of flight {unknown}
 x - a potion of experience {unknown}


   Skills:
 * Level 4.0 Fighting
 * Level 4.8 Dodging
 * Level 3.7 Stealth
 * Level 3.8 Shields
 + Level 7.8 Spellcasting
 * Level 2.3 Invocations


You knew the following spells:

 Your Spells              Type           Power      Damage    Failure   Level
a - Foxfire               Conj/Fire      100%       2x1d9     1%          1
b - Scorch                Fire           80%        2d8       1%          2
c - Volatile Blastmotes   Fire/Tloc      80%        2d16      1%          3
d - Inner Flame           Hex/Fire       40%        N/A       1%          3
e - Flame Wave            Conj/Fire      40%        2d11      3%          4
f - Apportation           Tloc           80%        N/A       1%          1
g - Momentum Strike       Conj/Tloc      80%        3d10      1%          2
h - Swiftness             Air            40%        N/A       1%          3
i - Manifold Assault      Tloc           40%        N/A       3%          4
Your spell library was empty.

Dungeon Overview and Level Annotations

Branches:
Dungeon (8/15)             Temple (1/1) D:7
   Lair: D:8-11

Altars:
Ashenzari
Cheibriados
Dithmenos
Elyvilon
Hepliaklqana
Makhleb
Nemelex Xobeh
Okawaru
Qazlal
Ru
Trog
Uskayaw
Wu Jian
Xom
Yredelemnul
Zin
The Shining One

Annotations:
D:3 3 runed translucent doors, suzumiya's ghost, amateur MiFi
D:6 2 transporters


Innate Abilities, Weirdness & Mutations

You are a tree.
Your roots penetrate the ground, keeping you stationary.
You cannot be teleported.
You are immune to unholy pain and torment.
Your maximum health is greatly increased.
Your equipment is partially melded.
You are immune to sickness and miasma.
You are immune to poison.
((Your flesh is very heat resistant. (rF++)))
((You are vulnerable to cold. (rC-)))
You float through the air rather than walking.
You learn spells naturally, not from books.
Your magical power is your life essence.
You have superior vitality. (+4 MHP)


Message History

Unknown command.
Unknown command.
Really quaff the potion of lignification?
Okay, then.
Unknown command.
A centaur warrior is nearby!
Really quaff the potion of lignification?
You turn into a tree.
Your scarf of repulsion melds into your body.
Your +0 pair of gloves melds into your body.
Your +1 steam dragon scales melds into your body.
The haze of the repulsion field disappears.
Your roots penetrate the ground.
The centaur warrior is engulfed in blazing flames.
Flame seeps out of the centaur warrior.
The centaur warrior hits you.
* * * LOW HITPOINT WARNING * * *
The centaur warrior kicks you but does no damage.
The centaur warrior is engulfed in blazing flames.
Flame seeps out of the centaur warrior.
The centaur warrior hits you but does no damage.
The centaur warrior kicks you but does no damage.
Unknown command.
Unknown command.
Casting: Foxfire (safe; 1% risk of failure)
Press: ? - help, Q - select action, (/) - cycle Dir - look around, f - activate You conjure some foxfire!
* * * LOW HITPOINT WARNING * * *
The centaur warrior hits you!
* * * LOW HITPOINT WARNING * * *
The centaur warrior kicks you.
* * * LOW HITPOINT WARNING * * *
Unknown command.
The foxfire hits the centaur warrior.
Flame seeps out of the centaur warrior.
The centaur warrior is almost dead.
The foxfire hits the centaur warrior!
Makhleb accepts your kill.
You feel better.
The centaur warrior explodes!
The fiery explosion engulfs you!!
You die...

#+# ##. #.###
#..#####§..#
#.....v♣.#
#..#####○#
##.#.((#§#
#.#...#.#
#.#####.##
#.)....!.##
#..._.....#
##........#
#####
.........+....#
#...#


You could see 2 dancing weapons.

Vanquished Creatures
  A centaur warrior (D:8)
  Maggie (D:7)
  A shadow (D:5)
  Menkaure (D:6)
  An orc warrior (D:7)
  A sky beast (D:6)
  A black bear (D:6)
  An ogre (D:6)
  A centaur (D:8)
  A phantom (D:4)
  2 kobold brigands
  A bullfrog (D:6)
  3 scorpions
  3 wights (D:7)
  4 killer bees (D:7)
  2 howler monkeys (D:6)
  4 jellies
  5 hounds
  3 orc priests
  A sleepcap (D:4)
  4 orc wizards
  An iguana (D:7)
  7 gnolls
  2 adders
  2 shadow imps
  A white imp (D:7)
  3 ufetubi
  A dart slug (D:2)
  37 orcs
  11 endoplasms
  4 giant cockroaches
  6 goblins
  4 hobgoblins
  4 jackals (D:2)
  18 kobolds
  2 quokkas (D:3)
  4 ball pythons
  2 bats
  2 frilled lizards
  3 rats
156 creatures vanquished.

Vanquished Creatures (others)
  495 foxfires
495 creatures vanquished.

Grand Total: 651 creatures vanquished

Notes
Turn   | Place    | Note
-------+----------+-------------------------------------------
     0 | D:1      | Dadbod the Djinni Fire Elementalist began the quest for the
                  | Orb.
     0 | D:1      | Dadbod set off with the following spells memorised:
                  | Foxfire, Scorch, Volatile Blastmotes, Inner Flame, Flame
                  | Wave.
     0 | D:1      | Reached XP level 1. HP: 15/15 MP: 0/0
   295 | D:1      | Reached XP level 2. HP: 18/21 MP: 0/0
   575 | D:2      | Reached skill level 3 in Spellcasting
   680 | D:2      | Reached XP level 3. HP: 24/25 MP: 0/0
   680 | D:2      | Learned a level 1 spell: Apportation
   689 | D:2      | Reached XP level 4. HP: 21/31 MP: 0/0
  1052 | D:2      | Reached skill level 4 in Spellcasting
  1052 | D:2      | Reached XP level 5. HP: 11/35 MP: 0/0
  1052 | D:2      | Learned a level 2 spell: Momentum Strike
  1245 | D:2      | Found a faded altar of an unknown god.
  1735 | D:3      | Reached XP level 6. HP: 26/40 MP: 0/0
  2087 | D:3      | Reached skill level 5 in Spellcasting
  2091 | D:3      | Found a hazy altar of Hepliaklqana.
  2182 | D:3      | Found a runed translucent gate.
  2182 | D:3      | Found a runed translucent gate.
  2182 | D:3      | Found a runed translucent gate.
  2187 | D:3      | Noticed suzumiya's ghost (amateur MiFi)
  2331 | D:3      | Found an ornate altar of the Wu Jian Council.
  2403 | D:3      | Found a shadowy altar of Dithmenos.
  2812 | D:4      | Found a burning altar of Makhleb.
  2893 | D:4      | Became a worshipper of Makhleb the Destroyer
  2915 | D:4      | Reached skill level 1 in Fighting
  2915 | D:4      | Reached XP level 7. HP: 44/47 MP: 0/0
  2915 | D:4      | Learned a level 3 spell: Swiftness
  2951 | D:4      | Reached skill level 1 in Shields
  3251 | D:5      | Entered Level 5 of the Dungeon
  3433 | D:5      | Found an iron altar of Okawaru.
  3670 | D:5      | Noticed a shadow
  3679 | D:5      | Killed a shadow
  3719 | D:5      | Reached XP level 8. HP: 47/54 MP: 0/0
  3731 | D:5      | Reached skill level 6 in Spellcasting
  3975 | D:5      | Reached * piety under Makhleb
  4641 | D:6      | Found a broken altar of Ashenzari.
  4641 | D:6      | Noticed a wraith
  4642 | D:6      | Noticed a yak
  4643 | D:6      | Noticed a shadow
  4823 | D:6      | Found a stormy altar of Qazlal.
  4929 | D:6      | Found a transporter.
  4937 | D:6      | Found a transporter.
  5062 | D:6      | Noticed Menkaure
  5070 | D:6      | Killed Menkaure
  5071 | D:6      | Reached XP level 9. HP: 52/60 MP: 0/0
  5071 | D:6      | Learned a level 4 spell: Manifold Assault
  5295 | D:6      | Reached skill level 7 in Spellcasting
  5504 | D:6      | Reached skill level 1 in Invocations
  5906 | D:7      | Found a staircase to the Ecumenical Temple.
  5916 | Temple   | Entered the Ecumenical Temple
  6074 | D:7      | Found a glowing golden altar of the Shining One.
  6312 | D:7      | Reached ** piety under Makhleb
  6604 | D:7      | Noticed Maggie
  6614 | D:7      | Killed Maggie
  6977 | D:8      | Noticed a +0 hand axe
  6977 | D:8      | Noticed a +0 hand axe
  6978 | D:8      | Found a hide-covered altar of Uskayaw.
  6986 | D:8      | Noticed a centaur warrior
  7007 | D:8      | Killed a centaur warrior
  7007 | D:8      | Killed by an exploding centaur warrior... ignited by their
                  | inner flame

Illustrated notes

Levels and vault maps discovered:
D:1:      lightli_arrival_flooded_house, layout_rooms,
          amcnicky_mini_rare_corridor_liquid
D:2:      cheibrodos_fertilizer, layout_basic, serial_co_window_serial,
          co_window_of_opportunity_a, co_window_corner_a, co_window_paths_b,
          co_window_paths_b, co_window_of_opportunity_a, co_window_corner_b,
          co_window_corner_ca, co_window_paths_c, co_window_unsneaky_path_e,
          glass_columns_b, glass_columns_a, glass_columns_b, glass_columns_c,
          glass_columns_a, shapermc_ecumenical_altar_hornbeckon,
          grunt_ministairs_15
D:3:      layout_basic, mainiacjoe_overflow_cross_hatched,
          mainiacjoe_overflow_alcove_1, mainiacjoe_overflow_small_starburst,
          amcnicky_altar_gilded, gammafunk_ghost_necromancy, minmay_between
D:4:      layout_basic, nicolae_overflow_crystal_walls
D:5:      layout_loops_ring, kennysheep_mini_moat, kennysheep_dice
D:6:      layout_loops_corners, nicolae_qazlal_scattered_showers,
          gammafunk_temple_overflow_arena, uniq_menkaure
D:7:      layout_loops_ring, pf_just_have_faith, minmay_temple_entry_crystal_x,
          minmay_diced_spiral, uniq_maggie
D:8:      layout_basic, dancing_weapons_uskayaw
Temple:   eino_wide_crystal_templ

Skill      XL: |  1  2  3  4  5  6  7  8  9 |
---------------+----------------------------+-----
Spellcasting   | 3 4 5 6 7 |  7.8
Fighting       | 1 3 4 |  4.0
Shields        | 1 3 |  3.8
Stealth        | 2 3 |  3.7
Dodging        | 3 4 |  4.8
Invocations    | 2 |  2.3

Action                     |  1- 3 |  4- 6 |  7- 9 || total
---------------------------+-------+-------+-------++-------
  Melee: Short sword       |       |     1 |     1 ||     2
   Cast: Foxfire           |    37 |    90 |   168 ||   295
         Inner Flame       |       |    13 |    39 ||    52
         Volatile Blastmot |       |     2 |     1 ||     3
         Flame Wave        |       |     1 |       ||     1
    Use: Scroll            |     6 |     3 |     2 ||    11
         Potion            |       |     1 |     2 ||     3
 Armour: Robe              |       |     2 |     5 ||     7
         Skin              |       |       |     3 ||     3
         Steam dragon scal |       |       |     1 ||     1
  Dodge: Dodged            |     3 |     9 |    23 ||    35
  Block: Other             |       |     6 |    10 ||    16
